[Event "Titled Tuesday Blitz February 21 Late 2023"]
[White "Melkumyan, Hrant"]
[Black "Martynov, Pavel"]
[WhiteFideId "13302485"]
[BlackFideId "4101260"]
[WhiteElo "2645"]
[BlackElo "2414"]
[Result "1-0"]
[Round "02"]
[TimeControl "180+2"]
[Date "2023.02.21"]
[WhiteClock "0:00:52"]
[BlackClock "0:00:29"]

1. d4 d5 2. c4 e6 3. Nc3 c5 4. e3 Nf6 5. Nf3 Nc6 6. cxd5 exd5 7. Bb5 Bd6 8. dxc5 Bxc5 9. O-O a6 10. Bxc6+ bxc6 11. b3 O-O 12. Bb2 Ba7 13. Rc1 Re8 14. Ne2 Qd6 15. Qc2 Bd7 16. Rfd1 Ne4 17. Ng3 Nxf2 18. Qc3 d4 19. Rxd4 Bxd4 20. Nxd4 Ne4 21. Nxe4 Rxe4 22. Nf5 Qg6 23. Nxg7 Rg4 24. Nf5 Kf8 25. Qh8+ Qg8 26. Ba3+ Ke8 27. Qf6 Rxg2+ 28. Kh1 Qg5 29. Ng7+ Qxg7 30. Qe7# 1-0


[Site "https://www.chess.com"]

[Event "Titled Tuesday Blitz February 21 Late 2023"]
[White "Klenburg, Michael"]
[Black "Indjic, Aleksandar"]
[WhiteFideId "14102072"]
[BlackFideId "911925"]
[WhiteElo "2325"]
[BlackElo "2618"]
[Result "0-1"]
[Round "02"]
[TimeControl "180+2"]
[Date "2023.02.21"]
[WhiteClock "0:00:09"]
[BlackClock "0:01:00"]

1. e4 e5 2. Nf3 Nc6 3. Bb5 Nf6 4. d3 Bc5 5. c3 O-O 6. O-O d5 7. Nbd2 Re8 8. h3 a6 9. Ba4 b5 10. Bb3 h6 11. Re1 Bb6 12. exd5 Nxd5 13. d4 Nf4 14. Nf1 Ng6 15. dxe5 Qxd1 16. Rxd1 Ncxe5 17. Nxe5 Nxe5 18. Be3 c5 19. Ng3 Rb8 20. Bc2 c4 21. Bxb6 Rxb6 22. Rd4 g6 23. Rad1 f5 24. Nf1 Nf7 25. Ne3 Kg7 26. a4 Rb7 27. axb5 axb5 28. Ra1 Rd7 29. Rxd7 Bxd7 30. Ra7 Bc6 31. b3 f4 32. Ng4 h5 33. Nh2 Re1+ 34. Nf1 Rc1 35. Ra2 Ne5 36. bxc4 bxc4 37. f3 g5 38. Kf2 g4 39. hxg4 hxg4 40. Be4 Bxe4 41. fxe4 Nd3+ 42. Ke2 Re1+ 43. Kd2 Rxf1 44. Ra7+ Kf6 45. Rc7 Rf2+ 46. Kd1 Rxg2 47. Rxc4 Nb2+ 0-1


[Site "https://www.chess.com"]

[Event "Titled Tuesday Blitz February 21 Late 2023"]
[White "Gholami Orimi, Mahdi"]
[Black "Chor, Kevin"]
[WhiteFideId "12558486"]
[BlackFideId "2090740"]
[WhiteElo "2420"]
[BlackElo "1944"]
[Result "1/2-1/2"]
[Round "02"]
[TimeControl "180+2"]
[Date "2023.02.21"]
[WhiteClock "0:00:06"]
[BlackClock "0:00:08"]

1. d4 Nf6 2. c4 g6 3. Nc3 Bg7 4. g3 O-O 5. Bg2 d6 6. Nf3 Nc6 7. O-O Bf5 8. Nh4 Bd7 9. f4 e5 10. fxe5 dxe5 11. d5 Nd4 12. e3 Nf5 13. Nxf5 Bxf5 14. e4 Bg4 15. Qb3 b6 16. h3 Bd7 17. Be3 Nh5 18. Kh2 f5 19. exf5 gxf5 20. Ne2 Nxg3 21. Nxg3 f4 22. Bd2 fxg3+ 23. Qxg3 Kh8 24. Bb4 Rf4 25. Rxf4 exf4 26. Qxf4 Bxb2 27. Re1 Qf6 28. Qxf6+ Bxf6 29. Be7 Kg7 30. d6 c6 31. Bxf6+ Kxf6 32. Re7 Rd8 33. Rxh7 Ke5 34. Rh6 Be6 35. Bxc6 Rxd6 36. Bd5 Bxd5 37. Rxd6 Kxd6 38. cxd5 Kxd5 39. Kg3 b5 40. h4 a5 41. Kf4 b4 42. h5 a4 43. h6 b3 44. h7 b2 45. h8=Q b1=Q 46. Qe5+ Kc4 47. Qc7+ Kd4 48. Qd7+ Kc3 49. Qxa4 Qf1+ 50. Ke5 Qe2+ 51. Kd6 Qd3+ 52. Kc5 Qe3+ 53. Kb5 Qe8+ 54. Ka5 Qa8+ 55. Kb5 Qb7+ 56. Kc5 Qc7+ 57. Kd5 Qb7+ 58. Kc5 Qc7+ 59. Kd5 Qb7+ 60. Kd6 Qb6+ 61. Kd7 Qb7+ 62. Kd6 Qb8+ 63. Kd5 Qd8+ 64. Ke6 Qc8+ 65. Ke5 Qc5+ 66. Ke4 Qc4+ 67. Qxc4+ Kxc4 68. Ke3 Kb4 69. Ke4 Ka3 70. Kd3 Kxa2 1/2-1/2


[Site "https://www.chess.com"]

[Event "Titled Tuesday Blitz February 21 Late 2023"]
[White "Fiorito, Francisco"]
[Black "Sanal, Vahap"]
[WhiteFideId "180165"]
[BlackFideId "6300545"]
[WhiteElo "2305"]
[BlackElo "2600"]
[Result "0-1"]
[Round "02"]
[TimeControl "180+2"]
[Date "2023.02.21"]
[WhiteClock "0:02:00"]
[BlackClock "0:01:55"]

1. d4 Nf6 2. Nc3 d5 3. Bf4 e6 4. e3 Bd6 5. Bxd6 cxd6 6. Nf3 Nc6 7. Bb5 O-O 8. O-O a6 9. Ba4 b5 10. Bb3 Na5 11. Re1 Nc4 12. Bxc4 bxc4 13. b4 Rb8 14. Rb1 Bd7 15. Qd2 Ne4 16. Nxe4 dxe4 17. Ne5 dxe5 18. dxe5 Ba4 19. Qc3 Qc7 20. Rbc1 Rfd8 21. Qa3 Qc6 22. Qc3 Rd5 23. h3 Rbd8 24. a3 h5 25. Kh2 h4 26. g3 hxg3+ 27. Kxg3 Qc7 28. Kf4 f6 29. Kxe4 Rxe5+ 30. Kf4 Bc6 31. e4 Rxe4+ 32. Kf3 Rxe1+ 0-1


[Site "https://www.chess.com"]

[Event "Titled Tuesday Blitz February 21 Late 2023"]
[White "Kamsky, Gata"]
[Black "Novikov, Evgenij"]
[WhiteFideId "2000024"]
[BlackFideId "4125380"]
[WhiteElo "2665"]
[BlackElo "2276"]
[Result "1-0"]
[Round "02"]
[TimeControl "180+2"]
[Date "2023.02.21"]
[WhiteClock "0:01:56"]
[BlackClock "0:00:57"]

1. d4 d5 2. Bf4 Nf6 3. e3 c5 4. c3 cxd4 5. exd4 Nc6 6. Nd2 g6 7. Ngf3 Bg7 8. Bd3 Bg4 9. h3 Bxf3 10. Nxf3 O-O 11. O-O e6 12. Qe2 Ne8 13. h4 h5 14. Ng5 Qd7 15. Rae1 Ne7 16. f3 a6 17. g4 hxg4 18. fxg4 b5 19. h5 b4 20. hxg6 Nxg6 21. Qh2 Nf6 22. Be5 Rfc8 23. Bxf6 Bxf6 24. Qh7+ 1-0


[Site "https://www.chess.com"]

[Event "Titled Tuesday Blitz February 21 Late 2023"]
[White "Sztokbant, Bernardo Vainzoff"]
[Black "Zhigalko, Sergei"]
[WhiteFideId "2115956"]
[BlackFideId "13502956"]
[WhiteElo "2213"]
[BlackElo "2572"]
[Result "0-1"]
[Round "02"]
[TimeControl "180+2"]
[Date "2023.02.21"]
[WhiteClock "0:00:02"]
[BlackClock "0:00:08"]

1. e4 c5 2. Nf3 Nc6 3. d4 cxd4 4. Nxd4 Nf6 5. Nc3 e5 6. Ndb5 d6 7. Bg5 a6 8. Na3 b5 9. Nd5 Be7 10. Bxf6 Bxf6 11. c4 b4 12. Nc2 O-O 13. g3 a5 14. h4 Be6 15. Bh3 a4 16. Kf1 b3 17. axb3 axb3 18. Nce3 Nd4 19. Kg2 Kh8 20. Bg4 Qb8 21. Nxf6 gxf6 22. h5 Rg8 23. Bf5 Rxa1 24. Qxa1 Qb7 25. f3 Qb4 26. Qe1 Qc5 27. g4 Bxc4 28. Qh4 Rg5 29. Ra1 h6 30. Qf2 Be2 31. Ra8+ Kg7 32. Nd5 Bxf3+ 33. Kg3 Bxg4 34. Bxg4 f5 35. exf5 Nxf5+ 36. Kh3 Qxf2 37. Rg8+ Kxg8 38. Nf6+ Kh8 39. Ne4 Qh4+ 0-1


[Site "https://www.chess.com"]

[Event "Titled Tuesday Blitz February 21 Late 2023"]
[White "Bernadskiy, Vitaliy"]
[Black "Defend, Balint"]
[WhiteFideId "14100371"]
[BlackFideId "17004853"]
[WhiteElo "2592"]
[BlackElo "1673"]
[Result "1-0"]
[Round "02"]
[TimeControl "180+2"]
[Date "2023.02.21"]
[WhiteClock "0:00:10"]
[BlackClock "0:00:13"]

1. e4 c5 2. Nf3 d6 3. d4 cxd4 4. Nxd4 Nf6 5. Nc3 a6 6. Be2 e5 7. Nf3 Be7 8. Nd2 b5 9. a4 b4 10. Nd5 Nxd5 11. exd5 a5 12. Bb5+ Bd7 13. O-O O-O 14. c4 Na6 15. Nb3 Qc7 16. Be3 Nc5 17. Nxc5 dxc5 18. f4 Bf5 19. Qd2 e4 20. Qe2 Bd6 21. g4 Bd7 22. b3 f5 23. g5 Be8 24. h4 Qf7 25. Kg2 Qh5 26. Qxh5 Bxh5 27. Kg3 Ra7 28. Kf2 Kf7 29. Bc1 Kg6 30. Ke3 Bf3 31. Bb2 Re7 32. Rf2 Kh5 33. Rg1 Kg6 34. Rh2 h5 35. gxh6+ Kxh6 36. Rg5 Bg4 37. h5 Rd8 38. Rg6+ Kh7 39. Rh4 Bxh5 40. Rxd6 Rxd6 41. Rxh5+ Kg6 42. Rg5+ Kh6 43. Rxf5 Rg6 44. Rg5 Rxg5 45. fxg5+ Kxg5 46. d6 Re6 47. Be5 Rxe5 48. d7 Kg4 49. d8=Q Kg3 50. Qd6 Kg2 51. Qxe5 Kf1 52. Qf4+ Ke1 53. Qf2+ Kd1 54. Qd2# 1-0


[Site "https://www.chess.com"]

[Event "Titled Tuesday Blitz February 21 Late 2023"]
[White "Kokoszczynski, Jan"]
[Black "Kravtsiv, Martyn"]
[WhiteFideId "1174460"]
[BlackFideId "14113147"]
[WhiteElo "2247"]
[BlackElo "2598"]
[Result "0-1"]
[Round "02"]
[TimeControl "180+2"]
[Date "2023.02.21"]
[WhiteClock "0:00:42"]
[BlackClock "0:01:45"]

1. d4 Nf6 2. c4 e6 3. Nc3 Bb4 4. Qc2 O-O 5. a3 Bxc3+ 6. Qxc3 b6 7. Bg5 Bb7 8. e3 h6 9. Bh4 d5 10. Nf3 Nbd7 11. cxd5 Bxd5 12. Be2 c5 13. O-O Ne4 14. Qd3 g5 15. Bg3 Rc8 16. Rac1 c4 17. Qc2 b5 18. Nd2 f5 19. Nxe4 Bxe4 20. Qd2 Nc5 21. f3 Nb3 22. Qb4 Nxc1 23. Rxc1 Bd3 24. Bxd3 cxd3 25. Rd1 Qd5 26. Bd6 a5 0-1


[Site "https://www.chess.com"]

[Event "Titled Tuesday Blitz February 21 Late 2023"]
[White "Gokerkan, Cem Kaan"]
[Black "Kaplan, Avi Harrison"]
[WhiteFideId "6336760"]
[BlackFideId "30934559"]
[WhiteElo "2500"]
[BlackElo "2146"]
[Result "1-0"]
[Round "02"]
[TimeControl "180+2"]
[Date "2023.02.21"]
[WhiteClock "0:00:40"]
[BlackClock "0:01:18"]

1. e4 d6 2. d4 Nf6 3. Nc3 Nbd7 4. f4 e5 5. Nf3 exd4 6. Qxd4 Be7 7. Be3 c6 8. O-O-O O-O 9. e5 dxe5 10. fxe5 Ne8 11. Bc4 Qc7 12. e6 Nb6 13. exf7+ Rxf7 14. Bxf7+ Kxf7 15. Rhf1 Kg8 16. Bf4 Qd7 17. Qe4 Qe6 18. Qxe6+ Bxe6 19. Rfe1 Kf7 20. Ne5+ Kf8 21. Nxc6 bxc6 22. Rxe6 Bf6 23. Rxc6 Kf7 24. Nd5 Nxd5 25. Rxd5 a5 26. c3 a4 27. a3 h5 28. Kc2 Kg6 29. Be5 Ra7 30. Bxf6 Nxf6 31. Rd4 Re7 32. Ra6 Re2+ 33. Rd2 Re4 34. Kd1 Rh4 35. g3 Re4 36. Rd4 Re5 37. Rdxa4 h4 38. Rxh4 Kg5 39. Rha4 Nd5 40. R4a5 Kg4 41. c4 Ne3+ 42. Ke2 Re8 43. Kd3 Kh3 44. c5 g5 45. c6 g4 46. c7 Nf5 47. Rxf5 Re1 48. c8=Q Rd1+ 49. Kc2 Re1 50. Rh5+ Kg2 51. Qc6+ Kg1 52. Qc5+ Kg2 53. Qd5+ Kg1 54. Qd4+ Kg2 55. Rf6 Rc1+ 56. Kxc1 Kh1 57. Rf2 Kg1 58. a4 Kh1 59. a5 Kg1 60. a6 Kh1 61. a7 Kg1 62. b4 Kh1 63. b5 Kg1 64. b6 Kh1 65. b7 Kg1 66. Kb2 Kh1 67. Kb3 Kg1 68. Kb4 Kh1 69. Kb5 Kg1 70. Kc6 Kh1 71. Kd7 Kg1 72. Ke7 Kh1 73. Kf7 Kg1 74. Kg7 Kh1 75. Kh7 Kg1 76. Kh8 Kh1 77. Rh4 Kg1 78. Rxg4 Kh1 79. h4 Kg1 80. Rgf4 Kh1 81. g4 Kg1 82. g5 Kh1 83. g6 Kg1 84. h5 Kh1 85. h6 Kg1 86. g7 Kh1 87. Kg8 Kg1 88. Kf7 Kh1 89. Ke6 Kg1 90. Kd6 Kh1 91. Kc5 Kg1 92. Kb5 Kh1 93. Kb4 Kg1 94. Ka4 Kh1 95. Ka3 Kg1 96. Ka2 Kh1 97. Ka1 Kg1 98. Kb1 Kh1 99. Kb2 Kg1 100. Kc2 Kh1 101. Kd3 Kg1 102. Ke4 Kh1 103. Ke5 Kg1 104. h7 Kh1 105. Kf6 Kg1 106. Ke6 Kh1 107. Kf7 Kg1 108. Kg8 Kh1 109. Kh8 Kg1 110. a8=Q Kh1 111. Kg8 Kg1 112. Re2+ Kh1 113. Rff2 Kg1 114. Kf7 Kh1 115. Ke6 Kg1 116. Kd5 Kh1 117. b8=N Kg1 118. g8=N Kh1 119. h8=N Kg1 120. Ng6 Kh1 121. Nf6 Kg1 122. Nc6 Kh1 123. Nce5 Kg1 124. Ne4 Kh1 125. Nf4 Kg1 1-0


[Site "https://www.chess.com"]

[Event "Titled Tuesday Blitz February 21 Late 2023"]
[White "Li, Ruifeng"]
[Black "Sadovsky, Artem"]
[WhiteFideId "2061074"]
[BlackFideId "4155840"]
[WhiteElo "2541"]
[BlackElo "2276"]
[Result "1-0"]
[Round "02"]
[TimeControl "180+2"]
[Date "2023.02.21"]
[WhiteClock "0:00:33"]
[BlackClock "0:00:02"]

1. b3 Nf6 2. Bb2 e6 3. e3 c5 4. Nf3 Nc6 5. d4 b6 6. Bd3 Bb7 7. a3 Be7 8. O-O O-O 9. Nbd2 d5 10. Ne5 Rc8 11. f4 Nxe5 12. fxe5 Ne4 13. Nxe4 dxe4 14. Bc4 Bg5 15. Qe2 cxd4 16. exd4 Bd5 17. Bxd5 exd5 18. c4 f5 19. Bc1 Bxc1 20. Raxc1 dxc4 21. Rxc4 b5 22. Rxc8 Qxd4+ 23. Qf2 Qxf2+ 24. Rxf2 Rxc8 25. Rxf5 g6 26. Rf4 e3 27. Kf1 Rc5 28. Re4 Rc3 29. Rb4 Rc5 30. Re4 Rc3 31. e6 Kf8 32. Rb4 a6 33. a4 bxa4 34. bxa4 Ke7 35. Rb6 a5 36. Ke2 Ra3 37. Rb7+ Kxe6 38. Rxh7 Kf5 39. Rf7+ Ke4 40. Re7+ Kd4 41. Kf3 Rxa4 42. Re4+ Kd3 43. Rxa4 e2 44. Ra3+ Kd2 45. Ra2+ 1-0


[Site "https://www.chess.com"]

[Event "Titled Tuesday Blitz February 21 Late 2023"]
[White "Nygren, Kim"]
[Black "Vakhlamov, Igor L."]
[WhiteFideId "1706136"]
[BlackFideId "24126748"]
[WhiteElo "2183"]
[BlackElo "2413"]
[Result "0-1"]
[Round "02"]
[TimeControl "180+2"]
[Date "2023.02.21"]
[WhiteClock "0:00:16"]
[BlackClock "0:01:05"]

1. e4 c5 2. Nf3 e6 3. d4 cxd4 4. Nxd4 Nf6 5. Nc3 Nc6 6. Ndb5 Bc5 7. Nd6+ Ke7 8. Nxc8+ Rxc8 9. Bd3 Qc7 10. O-O a6 11. a3 h5 12. Ne2 Ne5 13. Bf4 d6 14. b4 Ba7 15. c4 Rhd8 16. Rc1 Qc6 17. Nc3 Nxd3 18. Qxd3 Kf8 19. Rfd1 Qxc4 20. Bxd6+ Kg8 21. Nd5 Qxd3 22. Ne7+ Kh7 23. Nxc8 Rxc8 0-1


[Site "https://www.chess.com"]

[Event "Titled Tuesday Blitz February 21 Late 2023"]
[White "Kobo, Ori"]
[Black "Drnovsek, Gal"]
[WhiteFideId "2812320"]
[BlackFideId "14607077"]
[WhiteElo "2559"]
[BlackElo "2397"]
[Result "1-0"]
[Round "02"]
[TimeControl "180+2"]
[Date "2023.02.21"]
[WhiteClock "0:02:08"]
[BlackClock "0:01:55"]

1. b3 e5 2. Bb2 Nc6 3. c4 Nf6 4. e3 d6 5. Nf3 Be7 6. d4 e4 7. Nfd2 Bf5 8. Nc3 O-O 9. Be2 Re8 10. g4 Bg6 11. h4 h5 12. g5 Nd7 13. Bxh5 Bf8 14. Bxg6 fxg6 15. Ndxe4 d5 16. cxd5 Nb4 17. h5 Nxd5 18. hxg6 Bb4 19. Rh8+ Kxh8 20. Qh5+ Kg8 21. Qh7+ Kf8 22. Qh8+ Ke7 23. Qxg7+ Ke6 24. Qf7# 1-0


[Site "https://www.chess.com"]

[Event "Titled Tuesday Blitz February 21 Late 2023"]
[White "Filgueira, Hernan"]
[Black "Samsonkin, Artiom"]
[WhiteFideId "101770"]
[BlackFideId "13503111"]
[WhiteElo "2283"]
[BlackElo "2420"]
[Result "0-1"]
[Round "02"]
[TimeControl "180+2"]
[Date "2023.02.21"]
[WhiteClock "0:00:04"]
[BlackClock "0:00:15"]

1. c4 Nf6 2. g3 e5 3. Bg2 c6 4. d4 e4 5. Nc3 d5 6. cxd5 cxd5 7. Bg5 Bb4 8. e3 Bxc3+ 9. bxc3 Nbd7 10. Ne2 h6 11. Bxf6 Nxf6 12. h3 O-O 13. O-O Be6 14. Nf4 Rc8 15. Nxe6 fxe6 16. Qb3 b6 17. Rfc1 Qc7 18. Bf1 Nh5 19. Qb2 Nxg3 20. fxg3 Qxg3+ 21. Qg2 Qxe3+ 22. Kh1 Rf2 23. Qg4 Rcf8 24. Bg2 Kh8 25. Rf1 Qxc3 26. Rad1 Qc2 27. Rxf2 Rxf2 28. Rg1 e3 29. Qxe6 e2 30. Bxd5 Rh2+ 31. Kxh2 e1=Q+ 32. Rg2 Qxe6 33. Bxe6 Qe4 34. d5 b5 35. Kg1 b4 36. Rf2 g5 37. Rf8+ Kg7 38. Rf7+ Kg6 39. Rf2 a5 40. Bf7+ Kg7 41. Be6 Qe1+ 42. Kg2 Qe4+ 43. Kg1 a4 44. Rf7+ Kg6 45. Rf2 Qd4 46. Kg2 b3 47. axb3 axb3 48. Bf5+ Kg7 49. Bb1 Qxd5+ 50. Kg1 Qd1+ 51. Rf1 Qd4+ 52. Kg2 Qb2+ 53. Kg1 h5 54. Kh1 Qc3 55. Kg1 b2 56. Bf5 Qg3+ 57. Kh1 g4 58. hxg4 Qh3+ 59. Kg1 hxg4 60. Re1 Qg3+ 61. Kh1 0-1


[Site "https://www.chess.com"]

[Event "Titled Tuesday Blitz February 21 Late 2023"]
[White "Pichot, Alan"]
[Black "Urbina Perez, Juan Antonio"]
[WhiteFideId "110973"]
[BlackFideId "2217368"]
[WhiteElo "2638"]
[BlackElo "2266"]
[Result "1-0"]
[Round "02"]
[TimeControl "180+2"]
[Date "2023.02.21"]
[WhiteClock "0:00:59"]
[BlackClock "0:00:11"]

1. e4 e6 2. d4 d5 3. Bd3 dxe4 4. Bxe4 Nf6 5. Bf3 Bd6 6. Ne2 Nbd7 7. Nbc3 c6 8. O-O O-O 9. g3 e5 10. d5 cxd5 11. Nxd5 Nxd5 12. Bxd5 Nf6 13. Bg2 h6 14. Nc3 a6 15. Qe2 Qc7 16. Ne4 Nxe4 17. Bxe4 Bd7 18. Rd1 Bc6 19. c3 Bxe4 20. Qxe4 Rad8 21. Be3 Be7 22. a4 Rxd1+ 23. Rxd1 Rd8 24. Rd5 Rxd5 25. Qxd5 Bd6 26. a5 Qc6 27. Qd3 Bc7 28. b4 Qd6 29. Qe4 Qc6 30. Qxc6 bxc6 31. c4 Kf8 32. b5 cxb5 33. cxb5 axb5 34. a6 Bb8 35. a7 Bxa7 36. Bxa7 Ke7 37. Bc5+ Ke6 38. Bf8 h5 39. Kf1 g6 40. Ke2 Kd5 41. Ke3 f5 42. Ba3 Kc4 43. Bb2 Kd5 44. h4 b4 45. Kd3 b3 46. Ba1 f4 47. gxf4 exf4 48. f3 g5 49. hxg5 h4 50. g6 Ke6 51. g7 Kf7 52. Ke2 h3 53. Kf1 b2 54. Bxb2 h2 55. Kg2 1-0


[Site "https://www.chess.com"]

[Event "Titled Tuesday Blitz February 21 Late 2023"]
[White "Ibadov, Dashgyn"]
[Black "Mekhitarian, Krikor Sevag"]
[WhiteFideId "24107514"]
[BlackFideId "2107660"]
[WhiteElo "2391"]
[BlackElo "2537"]
[Result "1-0"]
[Round "02"]
[TimeControl "180+2"]
[Date "2023.02.21"]
[WhiteClock "0:00:13"]
[BlackClock "0:00:20"]

1. e4 g6 2. d4 d6 3. Nc3 a6 4. Nf3 Bg7 5. Be3 b5 6. e5 Bb7 7. Bd3 Nh6 8. Qd2 Nf5 9. Bxf5 gxf5 10. Bh6 Bxh6 11. Qxh6 Qd7 12. Qg7 Rf8 13. Ng5 Qc6 14. Nxh7 Nd7 15. Nxf8 Nxf8 16. O-O-O b4 17. Ne2 Qxg2 18. Qxg2 Bxg2 19. Rhg1 Bf3 20. Rde1 Ng6 21. Rg3 Bh5 22. exd6 cxd6 23. f3 Nf8 24. Nf4 Bg6 25. h4 e6 26. h5 Bh7 27. Rg7 Ke7 28. Nd5+ 1-0


[Site "https://www.chess.com"]

[Event "Titled Tuesday Blitz February 21 Late 2023"]
[White "Vasquez Schroeder, Rodrigo"]
[Black "Bilan, Danila"]
[WhiteFideId "3400042"]
[BlackFideId "24161918"]
[WhiteElo "2524"]
[BlackElo "2303"]
[Result "1-0"]
[Round "02"]
[TimeControl "180+2"]
[Date "2023.02.21"]
[WhiteClock "0:01:06"]
[BlackClock "0:00:03"]

1. d4 d5 2. c4 c6 3. Nc3 Nf6 4. e3 e6 5. Nf3 Nbd7 6. Qc2 Bd6 7. b3 Qe7 8. Be2 O-O 9. O-O dxc4 10. bxc4 e5 11. Rb1 Re8 12. c5 Bc7 13. Bc4 Nf8 14. h3 Be6 15. Bxe6 Nxe6 16. dxe5 Nd7 17. Rxb7 Ndxc5 18. Ba3 Qd8 19. Rbb1 Qd3 20. Rfc1 Qxc2 21. Rxc2 Rab8 22. Rd1 h6 23. g4 Red8 24. Rcd2 Rxd2 25. Rxd2 Rb6 26. Ne2 Rb1+ 27. Kg2 Ne4 28. Rc2 c5 29. Nf4 Nxf4+ 30. exf4 Bb6 31. Bc1 f5 32. gxf5 1-0


[Site "https://www.chess.com"]

[Event "Titled Tuesday Blitz February 21 Late 2023"]
[White "Santos Flores, Alberto"]
[Black "Bikuzhin, Maksim"]
[WhiteFideId "3601234"]
[BlackFideId "24128015"]
[WhiteElo "2164"]
[BlackElo "2279"]
[Result "0-1"]
[Round "02"]
[TimeControl "180+2"]
[Date "2023.02.21"]
[WhiteClock "0:00:45"]
[BlackClock "0:01:19"]

1. e4 c5 2. Nf3 e6 3. g3 b6 4. Bg2 Bb7 5. Qe2 Nc6 6. O-O Be7 7. c3 d5 8. exd5 Qxd5 9. d4 Nf6 10. Bf4 O-O 11. Re1 cxd4 12. Ne5 Qxg2+ 13. Kxg2 Nxe5+ 14. Kf1 Nf3 15. Nd2 Nxe1 16. Rxe1 dxc3 17. bxc3 Rac8 18. Be5 Rfd8 19. Nb3 Nd7 20. Bd4 Bf8 21. Rd1 Nb8 22. Be3 Ba6 0-1


[Site "https://www.chess.com"]

[Event "Titled Tuesday Blitz February 21 Late 2023"]
[White "Urazayev, Arystanbek"]
[Black "Remolar Gallen, Jose"]
[WhiteFideId "13709810"]
[BlackFideId "2215187"]
[WhiteElo "2460"]
[BlackElo "2285"]
[Result "1-0"]
[Round "02"]
[TimeControl "180+2"]
[Date "2023.02.21"]
[WhiteClock "0:00:48"]
[BlackClock "0:00:04"]

1. d4 Nf6 2. c4 g6 3. Nc3 Bg7 4. e4 d6 5. Be2 O-O 6. Nf3 e5 7. O-O Nc6 8. d5 Ne7 9. b4 Nh5 10. Re1 h6 11. a4 Nf4 12. Bf1 g5 13. Ra3 Neg6 14. c5 a5 15. bxa5 dxc5 16. Nb5 c6 17. dxc6 bxc6 18. Nd6 Bg4 19. Nf5 Qxa5 20. Bd2 Qc7 21. h3 Bxf5 22. exf5 Ne7 23. Qc2 Ned5 24. g3 Nb4 25. Qxc5 Nfd5 26. Bxb4 Rfb8 27. Bd2 Bf8 28. Qc1 Bxa3 29. Qxa3 f6 30. Bc4 Kg7 31. Qc5 Qd7 32. a5 Rd8 33. g4 Ne7 34. Bc3 h5 35. Nxe5 Qc7 36. Nf3 Rd7 37. Nxg5 1-0


[Site "https://www.chess.com"]

[Event "Titled Tuesday Blitz February 21 Late 2023"]
[White "Krallis, Christos"]
[Black "Krzyzanowski, Marcin"]
[WhiteFideId "4298896"]
[BlackFideId "1132199"]
[WhiteElo "2344"]
[BlackElo "2512"]
[Result "1-0"]
[Round "02"]
[TimeControl "180+2"]
[Date "2023.02.21"]
[WhiteClock "0:00:05"]
[BlackClock "0:00:05"]

1. e4 c6 2. d4 d5 3. exd5 cxd5 4. Bd3 Nc6 5. c3 Qc7 6. Ne2 Bg4 7. O-O e6 8. Qe1 Nf6 9. f3 Bh5 10. Qh4 Rg8 11. g4 Bg6 12. Bxg6 hxg6 13. Bf4 Bd6 14. Qg3 Bxf4 15. Qxf4 Qb6 16. b3 O-O-O 17. Nd2 e5 18. Qe3 Rge8 19. Qf2 exd4 20. Nxd4 Nxd4 21. Qxd4 Qxd4+ 22. cxd4 Re3 23. Rac1+ Kd7 24. Rfd1 Rde8 25. Rc2 Nh7 26. Rdc1 Re1+ 27. Rxe1 Rxe1+ 28. Kf2 Rd1 29. Ke2 Ra1 30. Nf1 Ng5 31. Ne3 Ne6 32. Rd2 Kd6 33. Kf2 b5 34. h4 a5 35. Kg3 b4 36. f4 Rc1 37. f5 gxf5 38. Nxf5+ Kd7 39. h5 Rc3+ 40. Kh4 g5+ 41. hxg6 fxg6 42. Nh6 Rf3 43. g5 Rf4+ 44. Ng4 Rxd4 45. Rxd4 Nxd4 46. Ne5+ Kd6 47. Nxg6 Ne6 48. Kg4 d4 49. Nh4 Ke5 50. Nf3+ Ke4 51. g6 d3 52. Nd2+ Ke5 53. Nc4+ Ke4 54. Nd2+ Ke5 55. Nc4+ Kf6 56. Kf3 Nc5 57. Ke3 Kxg6 58. Nxa5 Kf5 59. Nc6 Na6 60. Kxd3 Ke6 61. Kc4 Kd6 62. Nxb4 Nb8 63. Nd3 Nd7 64. b4 Kc6 65. a4 Nb6+ 66. Kb3 Nd5 67. Nb2 Kb6 68. Nd1 Kc6 69. Nc3 Nf4 70. Kc4 Ng2 71. b5+ Kb6 72. Kb4 Ne3 73. a5+ Kb7 74. Kc5 Nc2 75. Nd5 Na1 76. a6+ Ka7 77. Kc4 Nc2 78. Nb4 Na3+ 79. Kc5 Nb1 80. b6+ Ka8 81. b7+ Ka7 82. Nc6+ Kxa6 83. b8=Q 1-0


[Site "https://www.chess.com"]

[Event "Titled Tuesday Blitz February 21 Late 2023"]
[White "Yuan, Qingyu"]
[Black "Berezin, Viktor"]
[WhiteFideId "8609772"]
[BlackFideId "14107872"]
[WhiteElo "2373"]
[BlackElo "2307"]
[Result "0-1"]
[Round "02"]
[TimeControl "180+2"]
[Date "2023.02.21"]
[WhiteClock "0:00:04"]
[BlackClock "0:00:11"]

1. e4 g6 2. d4 Bg7 3. Nc3 d6 4. f4 Nf6 5. Nf3 O-O 6. Bd3 Na6 7. a3 c5 8. d5 Nc7 9. Qe2 a6 10. a4 Rb8 11. a5 Bg4 12. O-O Bxf3 13. Rxf3 b5 14. axb6 Rxb6 15. Bc4 Rb4 16. Ra4 Rxa4 17. Nxa4 e6 18. dxe6 Nxe6 19. Bxe6 fxe6 20. Nc3 d5 21. Qxa6 Qd7 22. e5 Ng4 23. Nb5 Rb8 24. Nd6 Qe7 25. h3 Nh6 26. Qc6 c4 27. Ra3 Nf5 28. Ra8 Rxa8 29. Qxa8+ Bf8 30. Nxf5 gxf5 31. Qc6 Kf7 32. Be3 Qb4 33. Qd7+ Be7 34. Kh2 Qa5 35. Bd4 Qb4 36. Be3 Qa5 37. c3 Qd8 38. Qb7 Kf8 39. Bb6 Qe8 40. Qa6 Qc6 41. Qa7 Qb5 42. Qa8+ Kf7 43. Bd4 Qxb2 44. Qh8 Bf8 45. Qxh7+ Bg7 46. Qh5+ Kf8 47. Qg6 Qd2 48. Qg5 Kf7 49. Qh5+ Kf8 50. Bc5+ Kg8 51. Qe8+ Kh7 52. Qh5+ Kg8 53. Qg5 Kh7 54. Be7 Bh6 55. Qh4 Qxf4+ 56. Qxf4 Bxf4+ 57. Kg1 Bxe5 58. Bb4 d4 59. cxd4 Bxd4+ 60. Kf1 Kg6 61. Ke2 Kf6 62. Kf3 e5 63. g4 e4+ 64. Kf4 Be5+ 65. Ke3 Kg5 66. h4+ Kxg4 67. Bc3 Bxc3 0-1


[Site "https://www.chess.com"]

[Event "Titled Tuesday Blitz February 21 Late 2023"]
[White "Ehlvest, Jaan"]
[Black "Pakleza, Zbigniew"]
[WhiteFideId "4500016"]
[BlackFideId "1119290"]
[WhiteElo "2530"]
[BlackElo "2494"]
[Result "1-0"]
[Round "02"]
[TimeControl "180+2"]
[Date "2023.02.21"]
[WhiteClock "0:00:04"]
[BlackClock "0:00:03"]

1. e4 d6 2. d4 Nf6 3. Nc3 c6 4. f4 Qb6 5. e5 Nd5 6. Nf3 Bf5 7. Bd3 Bxd3 8. Qxd3 e6 9. f5 Nd7 10. fxe6 fxe6 11. Ng5 dxe5 12. Nxe6 exd4 13. Nxd5 cxd5 14. Qe2 Bb4+ 15. Bd2 Bxd2+ 16. Kxd2 Qxb2 17. Nxd4+ Kd8 18. Ne6+ Kc8 19. Rab1 Qe5 20. Qb5 Nb6 21. Rhe1 Qd6 22. Rb3 Kb8 23. Kc1 Rc8 24. a4 Qc6 25. Qxc6 Rxc6 26. a5 Nc4 27. Nd4 Rc8 28. a6 b6 29. Rf3 Kc7 30. Re7+ Kd6 31. Rxg7 1-0


[Site "https://www.chess.com"]

[Event "Titled Tuesday Blitz February 21 Late 2023"]
[White "Gorshtein, Ido"]
[Black "Grycel, Kamil"]
[WhiteFideId "2815532"]
[BlackFideId "1115499"]
[WhiteElo "2514"]
[BlackElo "2315"]
[Result "1-0"]
[Round "02"]
[TimeControl "180+2"]
[Date "2023.02.21"]
[WhiteClock "0:00:19"]
[BlackClock "0:00:56"]

1. b3 e5 2. Bb2 Nc6 3. e3 Nf6 4. Bb5 Bd6 5. Nf3 Qe7 6. O-O O-O 7. Bxc6 dxc6 8. d3 Bg4 9. Nbd2 Rfe8 10. h3 Bh5 11. e4 Rad8 12. a4 Nd7 13. Re1 Nc5 14. Nf1 Qf6 15. g4 Bg6 16. Ng3 Ne6 17. Nf5 c5 18. Bc1 Nf4 19. Bxf4 exf4 20. Nxd6 cxd6 21. c4 h5 22. Kg2 hxg4 23. hxg4 Re5 24. Rh1 Rg5 25. Nxg5 Qxg5 26. Kf3 f6 27. Qd2 Qe5 28. Qxf4 Qc3 29. Qe3 Re8 30. Rag1 Kf7 31. Kg3 b6 32. Re1 f5 33. gxf5 Bxf5 34. Qf4 Qxd3+ 35. Re3 Qd4 36. Qxf5+ Kg8 37. Rf3 Qe5+ 38. Qxe5 Rxe5 39. Re3 Rg5+ 40. Kf3 Rg6 41. Rd1 Kf7 42. Red3 Ke7 43. Ke3 Rh6 44. f3 Rf6 45. Rd5 Rh6 46. Rg5 g6 47. Rdg1 Kf6 48. Rd5 Ke6 49. Rgd1 Rh2 50. Rxd6+ Kf7 51. Rd7+ Kf6 52. R1d6+ Kg5 53. f4+ Kh6 54. f5 Rh3+ 55. Kf4 Rh4+ 56. Ke5 Rg4 57. Rxg6+ 1-0


[Site "https://www.chess.com"]